 Dungeon Crawl Stone Soup version 0.28-a0-556-gab23d0e057 (webtiles) character file.

Game seed: 17963555783435866818

1328 miscthings the Basher (level 8, -4/57 (69) HPs)
             Began as a Naga Fighter on Sept 29, 2021.
             Was an Initiate of Okawaru.
             Slain by Maggie (7 damage)
             ... on level 7 of the Dungeon.
             The game lasted 00:08:57 (5887 turns).

miscthings the Basher (Naga Fighter)                Turns: 5887, Time: 00:08:57

HP:   -4/57 (69)    AC:  7    Str: 19    XL:     8   Next: 60%
MP:   8/8           EV:  7    Int:  9    God:    Okawaru [......]
Gold: 275           SH:  4    Dex: 12    Spells: 7/7 levels left

rFire   . . .      SeeInvis +   j - +1 mace (holy)
rCold   . . .      Faith    .   c - +0 buckler
rNeg    . . .      Spirit   .   b - +0 scale mail
rPois   +          Reflect  .   (no helmet)
rElec   .          Harm     .   (no cloak)
rCorr   .          Rampage  .   m - +0 pair of gloves
Will    +....                   (no barding)
Stlth   ..........              (no amulet)
HPRegen 0.19/turn               (no ring)
MPRegen 0.11/turn               (no ring)

@: mighty, heavily drained, very slow
A: AC +2, large, see invisible, deformed body, poison resistance, slowness 2,
spit poison 1, naga tail 1
a: Spit Poison, Renounce Religion


You were on level 7 of the Dungeon.
You worshipped Okawaru.
Okawaru was noncommittal.
You visited 2 branches of the dungeon, and saw 8 of its levels.

You collected 275 gold pieces.

Inventory:

Hand Weapons
 j - a +1 mace of holy wrath (weapon)
Missiles
 e - 3 throwing nets
Armour
 b - a +0 scale mail (worn)
 c - a +0 buckler (worn)
 m - a +0 pair of gloves (worn)
 n - a +0 kite shield
 o - a +0 tower shield
 D - a +0 tower shield
Jewellery
 i - a ring of wizardry
 y - an amulet of guardian spirit
 E - a +6 ring of dexterity
 F - an amulet of regeneration
Scrolls
 f - a scroll of immolation {unknown}
 g - 3 scrolls of fear {unknown}
 h - a scroll of summoning {unknown}
 k - 2 scrolls of teleportation {unknown}
 l - 3 scrolls of identify {unknown}
 p - a scroll of enchant weapon {unknown}
 s - a scroll of magic mapping {unknown}
 t - a scroll of torment {unknown}
 v - 2 scrolls of enchant armour {unknown}
 x - a scroll of brand weapon {unknown}
 z - a scroll of holy word {unknown}
 A - a scroll of noise {unknown}
 B - a scroll of fog {unknown}
Potions
 d - a potion of might
 q - a potion of cancellation {unknown}
 r - 2 potions of attraction {unknown}
 u - a potion of lignification {unknown}
 w - a potion of ambrosia {unknown}
 C - a potion of mutation {unknown}


   Skills:
 - Level 3.0 Fighting
 + Level 10.4 Maces & Flails
 - Level 2.4 Armour
 - Level 2.4 Shields


You had 7 spell levels left.
You didn't know any spells.
Your spell library contained the following spells:

 Spells                   Type           Power      Damage    Failure   Level
 Blink                    Tloc           N/A        N/A       88%         2
 Corpse Rot               Necr/Air       N/A        N/A       88%         2
 Dispel Undead            Necr           0%         3d6       100%        4
 Manifold Assault         Tloc           0%         N/A       100%        5
 Storm Form               Tmut/Air       0%         N/A       100%        7
 Death Channel            Necr           Unusable   N/A       N/A         6

Dungeon Overview and Level Annotations

Branches:
Dungeon (7/15)             Temple (1/1) D:6

Altars:
Dithmenos
Hepliaklqana
Makhleb
Nemelex Xobeh
Okawaru
Ru
Wu Jian
Yredelemnul
The Shining One

Shops:
D:4 (   D:5 :

Annotations:
D:6 1 runed translucent door, Crazy Yiuf
D:7 Maggie


Innate Abilities, Weirdness & Mutations

Your serpentine skin is tough. (AC +2)
You have supernaturally acute eyesight. (SInv)
Armour fits poorly on your strangely shaped body.
Your system is resistant to poisons. (rPois)
You cover ground very slowly.
You can spit poison.
You have a snake-like lower body.


Message History

You feel drained.
You thump Maggie!
Maggie is moderately wounded.
You have got your breath back.
Maggie hits you with a +2 morningstar of draining!
You feel drained.
You sock Maggie!
Maggie is heavily wounded.
Maggie hits you with a +2 morningstar of draining!
You feel drained.
You barely miss Maggie.
Maggie is heavily wounded.
Maggie hits you with a +2 morningstar of draining!
You feel drained.
Abil: Spit Poison
Press: ? - help, Q - select action, (/) - cycle Shift-Dir - straight line, f/p - Maggie
Aim: Maggie, wielding a +2 morningstar of draining and wearing +0 steam dragon scales (heavily wounded, poisoned)
The splash of poison hits Maggie.
Maggie looks even sicker.
Maggie is severely wounded.
Maggie hits you with a +2 morningstar of draining!
* * * LOW HITPOINT WARNING * * *
You feel drained.
* * * LOW HITPOINT WARNING * * *
You closely miss Maggie.
Maggie is severely wounded.
You feel better.
Maggie hits you with a +2 morningstar of draining!
* * * LOW HITPOINT WARNING * * *
You feel drained.
* * * LOW HITPOINT WARNING * * *
You have got your breath back.
Maggie casts a spell at you. The bolt of fire misses you.
You sock Maggie!
Maggie is almost dead.
Maggie closely misses you.
You closely miss Maggie.
Maggie is almost dead.
Maggie hits you with a +2 morningstar of draining!
You die...

..##.............##≈≈≈##.#....#..
..##.....##.......#####..#....#..
..##....)##.........+....#....#..
.........#....#######....##...#..
.........#....##...##....##...#..
.........#.....#.........'....#..
.##########....#...##....##...#
.###.....##.. #.>.########...#
..#.......#... #@..# ...#....#
..#.......#...##@..##....#....#
..'.......#..............#....#
..#.......#........##....######
###'##'####........# ...#
.##.##...##...##...# ...#
.....#...#....##...## ..#
.....#...#..........# .#
.....#...#.....$....+ #


You could see Maggie (poisoned).

Vanquished Creatures
  Sigmund (D:3)
  Menkaure (D:5)
  A necrophage (D:4)
  3 ogres
  A phantom (D:6)
  A scorpion (D:4)
  A water moccasin skeleton (D:4)
  A howler monkey (D:5)
  A jelly (D:3)
  A hound (D:5)
  2 orc priests
  2 bullfrog skeletons (D:4)
  3 orc wizards
  Natasha (thrice) (D:2)
  An iguana (D:5)
  A howler monkey zombie (D:6)
  3 gnolls (D:3)
  2 adders
  An adder skeleton (D:4)
  5 worms
  2 dart slugs
  9 orcs
  6 endoplasms
  4 giant cockroaches
  4 hobgoblins
  3 jackals (D:2)
  4 quokkas
  3 ball pythons
  4 bats
  7 frilled lizards
  3 kobolds
  3 rats (D:1)
  A spectral kobold (D:3)
88 creatures vanquished.

Vanquished Creatures (others)
  A draconian (D:1)
  A vine stalker (D:1)
  An elf (D:1)
  A merfolk (D:1)
  A formicid (D:1)
  2 spriggans (D:1)
  A demigod (D:1)
  A naga (D:1)
  An ogre (D:1)
  A mummy (D:1)
  A gnoll (D:1)
  16 tentacles (D:1)
28 creatures vanquished.

Grand Total: 116 creatures vanquished

Notes
Turn   | Place    | Note
-------+----------+-------------------------------------------
     0 | D:1      | miscthings the Naga Fighter began the quest for the Orb.
     0 | D:1      | Reached XP level 1. HP: 21/21 MP: 1/1
     0 | D:1      | Noticed a naga
     0 | D:1      | Noticed a draconian
     0 | D:1      | Noticed a vine stalker
     0 | D:1      | Noticed a merfolk
     0 | D:1      | Noticed a formicid
     0 | D:1      | Noticed a kraken
     0 | D:1      | Noticed an ogre
     0 | D:1      | Noticed a demigod
     0 | D:1      | Noticed an elf
     0 | D:1      | Noticed a spriggan
     0 | D:1      | Noticed a spriggan
     2 | D:1      | Killed a demigod
     3 | D:1      | Killed an elf
     4 | D:1      | Killed an ogre
     7 | D:1      | Killed a spriggan
     7 | D:1      | Killed a formicid
    10 | D:1      | Killed a draconian
    10 | D:1      | Killed a vine stalker
    10 | D:1      | Killed a naga
    11 | D:1      | Killed a spriggan
    14 | D:1      | Killed a merfolk
   214 | D:1      | Reached XP level 2. HP: 20/28 MP: 2/2
   519 | D:1      | Reached skill level 3 in Maces & Flails
   850 | D:2      | Noticed Natasha
   863 | D:2      | Killed Natasha
   864 | D:2      | Reached XP level 3. HP: 13/34 MP: 3/3
  1066 | D:2      | Reached skill level 4 in Maces & Flails
  1172 | D:2      | Reached XP level 4. HP: 34/42 MP: 4/4
  1225 | D:2      | Noticed Natasha
  1237 | D:2      | Killed Natasha
  1471 | D:2      | Noticed Natasha
  1481 | D:2      | Killed Natasha
  1482 | D:2      | Reached skill level 5 in Maces & Flails
  1482 | D:2      | Reached XP level 5. HP: 14/49 MP: 5/5
  1838 | D:3      | Found a faded altar of an unknown god.
  2524 | D:3      | Noticed Sigmund
  2536 | D:3      | Killed Sigmund
  2537 | D:3      | Reached skill level 6 in Maces & Flails
  2537 | D:3      | Reached XP level 6. HP: 41/56 MP: 6/6
  2540 | D:3      | Found an ornate altar of the Wu Jian Council.
  2841 | D:4      | Reached skill level 7 in Maces & Flails
  2870 | D:4      | Reached XP level 7. HP: 50/62 MP: 7/7
  3133 | D:4      | Found Anisetoj's Weapon Boutique.
  3176 | D:4      | Reached skill level 8 in Maces & Flails
  3486 | D:5      | Entered Level 5 of the Dungeon
  3486 | D:5      | Found Omnen's Book Shop.
  3749 | D:5      | Found a burning altar of Makhleb.
  3910 | D:5      | Reached skill level 9 in Maces & Flails
  3910 | D:5      | Reached XP level 8. HP: 65/69 MP: 8/8
  4634 | D:5      | Noticed Menkaure
  4639 | D:5      | Killed Menkaure
  4734 | D:6      | Reached skill level 10 in Maces & Flails
  4774 | D:6      | Found a staircase to the Ecumenical Temple.
  4791 | Temple   | Entered the Ecumenical Temple
  4797 | Temple   | Became a worshipper of Warmaster Okawaru
  4936 | D:6      | Found a sparkling altar of Nemelex Xobeh.
  5380 | D:6      | Found a runed translucent door.
  5381 | D:6      | Noticed Crazy Yiuf
  5798 | D:7      | Found a hazy altar of Hepliaklqana.
  5867 | D:7      | Noticed Maggie
  5887 | D:7      | Slain by Maggie

Illustrated notes

Levels and vault maps discovered:
D:1:      nicolae_arrival_kraken_aquarium_a, layout_loops_ring
D:2:      layout_rooms, minmay_lizard_pond, uniq_natasha
D:3:      layout_loops_cross, lemuel_doored_altar,
          dreamdust_ecumenical_altar_drowned_temple, minivault_14, uniq_sigmund
D:4:      layout_basic, serial_shops, kennysheep_little_box
D:5:      layout_loops_corners, bloody_makhleb, serial_shops, shop,
          uniq_menkaure
D:6:      layout_basic, mainiacjoe_overflow_surrounded_room,
          minmay_temple_entry_proselytizer, uniq_crazy_yiuf_cottage
D:7:      layout_gridville, worldfamousw_hep_ancestral_shrine,
          lemuel_tele_altar, uniq_maggie
Temple:   dshaligram_water_room_temple

Skill      XL: |  1  2  3  4  5  6  7  8 |
---------------+-------------------------+-----
Maces & Flails | 3 4 5 6 7 9 10 | 10.4
Fighting       | |  3.0
Armour         | |  2.4
Shields        | |  2.4

Action                   |  1- 3 |  4- 6 |  7- 9 || total
-------------------------+-------+-------+-------++-------
Melee: Flail             |    39 |       |       ||    39
       Mace              |    34 |    75 |   130 ||   239
 Abil: Spit Poison       |     8 |    26 |    35 ||    69
  Use: Potion            |     1 |       |     2 ||     3
Armor: Scale mail        |    27 |    26 |    35 ||    88
Dodge: Dodged            |    33 |    33 |    39 ||   105
Block: Buckler           |    23 |    11 |    19 ||    53

Table legend: (Time is in decaauts)
 A = Elapsed time spent in this place.
 B = Non-inter-level travel time spent in this place.
 C = Inter-level travel time spent in this place.
 D = Time resting spent in this place.
 E = Time spent auto-exploring this place.
 F = Levels seen in this place.
 G = Mean time per level.
                   A        B        C        D        E       F      G
               +--------+--------+--------+--------+--------+-----+--------+
         Total |   7448 |   7281 |    167 |   1594 |   4604 |   8 |  931.0 |
       Dungeon |   7297 |   7131 |    166 |   1476 |   4604 |   7 | 1042.4 |
        Temple |    150 |    150 |      0 |    118 |      0 |   1 |  150.0 |
               +--------+--------+--------+--------+--------+-----+--------+

Top non-repeatable levels by time:
     D:5: 1533 daAuts
     D:3: 1292 daAuts
     D:2: 1161 daAuts
     D:1: 1082 daAuts
     D:6: 1038 daAuts
     D:4: 827 daAuts
     D:7: 362 daAuts
  Temple: 150 daAuts
